 Dungeon Crawl Stone Soup version 0.30.0-10-gfe55d96785 (webtiles) character file.

Game seed: 8030089381534614099

98 NotreDorf the Ducker (level 4, -7/35 HPs)
             Began as a Merfolk Gladiator on May 13, 2023.
             Mangled by a gnoll
             ... wielding a +0 halberd
              (9 damage)
             ... on level 3 of the Dungeon.
             The game lasted 00:07:21 (1987 turns).

NotreDorf the Ducker (Merfolk Gladiator)            Turns: 1987, Time: 00:07:22

Health: -7/35      AC:  4    Str: 16    XL:     4   Next: 69%
Magic:  4/4        EV: 13    Int:  7    God:
Gold:   56         SH:  0    Dex: 15    Spells: 3/3 levels left

rFire   . . .        o - +0 halberd
rCold   . . .        (shield currently unavailable)
rNeg    . . .        b - +0 leather armour
rPois   .            c - +0 helmet
rElec   .            (no cloak)
rCorr   .            (no gloves)
SInv    .            (no boots)
Will    .....        (no amulet)
Stlth   ++           (no ring)
HPRegen 0.25/turn    (no ring)
MPRegen 0.09/turn

%: no passive effects
@: weak-willed
A: (nimble swimmer 2), mertail
a: no special abilities


You were on level 3 of the Dungeon.
You visited 1 branch of the dungeon, and saw 3 of its levels.

You collected 56 gold pieces.

Inventory:

Hand Weapons
 a - a +0 trident
 o - a +0 halberd (weapon)
Missiles
 d - 3 throwing nets (quivered)
 e - a javelin
 l - 6 poisoned darts
Armour
 b - a +0 leather armour (worn)
 c - a +0 helmet (worn)
Scrolls
 f - a scroll of immolation
 i - a scroll of summoning {unknown}
 j - a scroll of teleportation {unknown}
 k - a scroll of magic mapping {unknown}
 m - a scroll of blinking {unknown}
 p - a scroll of amnesia {unknown}
 q - a scroll of enchant weapon {unknown}
Potions
 h - 2 potions of curing {unknown}
 n - a potion of resistance


   Skills:
 + Level 3.0 Fighting
 + Level 4.7 Polearms
 + Level 2.7 Throwing
 + Level 4.7 Dodging
 + Level 2.1 Stealth


You had 3 spell levels left.
You didn't know any spells.
Your spell library was empty.

Dungeon Overview and Level Annotations

Branches:
Dungeon (3/15)

Altars:

Shops:
D:1 :


Innate Abilities, Weirdness & Mutations

((You are very nimble when in or above water. (Stealth+, EV+, Speed+++)))
Your lower body shifts to a powerful aquatic tail in water.


Message History

There is a stone staircase leading down here.
There is an open door here.
Things that are here:
a +0 club; a +0 dagger
Items here: ))))).
HP restored.
You see here a +0 club.
You see here a +0 dagger.
There is a stone staircase leading down here.
You climb downwards.
There is a stone staircase leading up here.
A gnoll is nearby!
You closely miss the gnoll. The gnoll misses you.
You barely miss the gnoll. The gnoll hits you with a +0 club.
You slash the gnoll!
The gnoll is heavily wounded.
The gnoll completely misses you. The gnoll hits you but does no damage.
You barely miss the gnoll.
The gnoll is heavily wounded.
The gnoll hits you from afar with a +0 halberd.
The gnoll barely misses you. The gnoll attacks as you move away!
The gnoll hits you with a +0 club.
You hit the gnoll but do no damage.
The gnoll is heavily wounded.
The gnoll hits you with a +0 club.
The gnoll hits you from afar with a +0 halberd!
You closely miss the gnoll.
The gnoll is heavily wounded.
The gnoll barely misses you. The gnoll misses you.
You closely miss the gnoll.
The gnoll is heavily wounded.
The gnoll misses you.
The gnoll hits you from afar with a +0 halberd.
* * * LOW HITPOINT WARNING * * *
The gnoll hits you with a +0 club.
* * * LOW HITPOINT WARNING * * *
As you read the scroll labelled NELIS BOGEH, it crumbles to dust.
Magic quickly surges around you.
It was a scroll of vulnerability.
The gnoll hits you from afar with a +0 halberd!
You die...

~~~~≈~#####≈~....# ##
≈~≈~≈~≈≈≈≈≈≈~....# ...
††o~~≈~≈~≈~~~....# ....
..g........P.....###....
...............$........
##.###.##<..............
#..........#..g........
..#######.## ##g# . ....
.# #@# ##. ..## .# #.#
.... ##
#.#############..#
#.............#..#
########........##
#........## #........##
######...## ###....##


You could see 2 gnolls.

Vanquished Creatures
  Robin (D:2)
  2 adders
  2 gnolls
  A dart slug (D:1)
  An orc (D:3)
  5 endoplasms
  11 goblins (D:2)
  6 hobgoblins
  4 jackals (D:3)
  2 quokkas
  2 bats
  A frilled lizard (D:1)
  3 kobolds
  4 rats
45 creatures vanquished.

Notes
Turn   | Place    | Note
-------+----------+-------------------------------------------
     0 | D:1      | NotreDorf the Merfolk Gladiator began the quest for the
                  | Orb.
     0 | D:1      | Reached XP level 1. HP: 16/16 MP: 1/1
    80 | D:1      | Reached XP level 2. HP: 18/23 MP: 2/2
   121 | D:1      | Reached skill level 1 in Stealth
   237 | D:1      | Found Jeycaodd's Book Boutique.
   405 | D:1      | Reached XP level 3. HP: 28/28 MP: 3/3
  1023 | D:2      | Noticed Robin
  1498 | D:2      | Killed Robin
  1499 | D:2      | Reached XP level 4. HP: 34/34 MP: 4/4
  1987 | D:3      | Mangled by a gnoll

Illustrated notes

Levels and vault maps discovered:
D:1:      grunt_arrival_lava_bath, layout_loops_ring, serial_shops, shop,
          st_stairs_9, solitary_fountain, minivault_4
D:2:      layout_basic, minmay_misc_feat_rugged, grunt_decor_arrowhead,
          uniq_robin
D:3:      lemuel_castle_with_subvaults [lemuel_castle_interior_carwin_1],
          layout_basic, ebering_ecumenical_altar_rust

Skill      XL: |  1  2  3  4 |
---------------+-------------+-----
Stealth        | 1 2 |  2.1
Fighting       | 3 |  3.0
Polearms       | |  4.7
Throwing       | |  2.7
Dodging        | |  4.7

Action                     |  1- 3 |  4- 6 || total
---------------------------+-------+-------++-------
  Melee: Trident           |   106 |    24 ||   130
         Halberd           |       |    26 ||    26
    Use: Scroll            |       |     3 ||     3
   Stab: Sleeping          |     2 |     1 ||     3
 Armour: Leather armour    |    20 |     7 ||    27
  Dodge: Dodged            |    40 |    40 ||    80
